 Dungeon Crawl Stone Soup version 0.28-a0-691-gad6df49e81 (webtiles) character file.

Game seed: 1458291624857176470

3 Gwenloh the Vexing (level 1, 0/7 HPs)
             Began as a Felid Enchanter on Oct 20, 2021.
             Slain by a goblin (5 damage)
             ... on level 1 of the Dungeon.
             The game lasted 00:01:21 (132 turns).

Gwenloh the Vexing (Felid Enchanter)                 Turns: 132, Time: 00:01:21

Health: 0/7        AC:  1    Str:  4    XL:     1   Next: 41%
Magic:  4/4        EV: 17    Int: 16    God:
Gold:   12         SH:  0    Dex: 16    Spells: 4/4 levels left
                                        Lives:  0   Deaths: 0

rFire   . . .      SeeInvis +     - Unarmed
rCold   . . .      Faith    .   (shield unavailable)
rNeg    . . .      Spirit   .   (armour unavailable)
rPois   .          Reflect  .   (helmet unavailable)
rElec   .          Harm     .   (cloak unavailable)
rCorr   .          Rampage  .   (gloves unavailable)
Will    .....                   (boots unavailable)
Stlth   +++.......              (no amulet)
HPRegen 0.02/turn               (no ring)
MPRegen 0.09/turn               (no ring)

@: quick
A: very small, claws 1, fangs 3, see invisible, speed 1, shaggy fur 1, stealthy
paws, no weapons or thrown items, no armour, multi-lived
a: no special abilities


You were on level 1 of the Dungeon.
You visited 1 branch of the dungeon, and saw 1 of its levels.

You collected 12 gold pieces.

Inventory:

Jewellery
 b - a ring of resist corrosion
Potions
 a - a potion of invisibility


   Skills:
 - Level 2.6 Dodging
 * Level 4.1 Stealth
 * Level 1.1 Unarmed Combat
 + Level 2.0 Spellcasting
 * Level 4.5 Hexes


You had 4 spell levels left.
You didn't know any spells.
Your spell library contained the following spells:

 Spells                   Type           Power      Damage    Failure   Level
 Confusing Touch          Hex            16%        N/A       10%         3
 Tukima's Dance           Hex            16%        N/A       10%         3
 Ensorcelled Hibernation  Hex/Ice        16%        N/A       12%         2
 Dazzling Flash           Conj/Hex       16%        N/A       24%         3


Dungeon Overview and Level Annotations

Branches:
Dungeon (1/15)

Altars:


Innate Abilities, Weirdness & Mutations

You have sharp claws.
You have razor-sharp teeth.
You have supernaturally acute eyesight. (SInv)
You cover ground quickly. (Speed+)
You are covered in fur. (AC +1)
Your paws help you pounce on unaware monsters.
You are incapable of wielding weapons or throwing items.
You cannot wear armour.
You gain extra lives every three experience levels.


Message History

Welcome, Gwenloh the Felid Enchanter.
It is said that the Orb of Zot exists deep within this dungeon.
Press ? for a list of commands and other information.
Found a staircase leading out of the dungeon.
You don't know any spells.
Okay, then.
You don't know any spells.
Okay, then.
b - a ring of resist corrosion You now have 12 gold pieces.
A kobold comes into view. It is wielding a +0 whip.
A hobgoblin comes into view. 2 goblins come into view.
A giant cockroach comes into view.
Found 5 gold pieces.
A ball python comes into view.
You pounce on the unaware helpless ball python!
You claw the ball python!
You kill the ball python!
A giant cockroach is nearby!
The goblin shouts!
You closely miss the giant cockroach.
The giant cockroach bites you but does no damage.
The giant cockroach bites you.
You closely miss the giant cockroach.
The giant cockroach completely misses you.
You barely miss the giant cockroach. The giant cockroach bites you.
You scratch the giant cockroach.
You kill the giant cockroach!
You scratch the goblin. You bite the goblin.
You kill the goblin!
You start resting.
A goblin is nearby!
You start resting.
A goblin is nearby!
You closely miss the goblin.
The goblin shouts!
The goblin hits you with a +0 club.
Ouch! That really hurt!
You die...

#......#..........#...
##...............##.#
####
..#.#.#.#.#.#.#.#...#$...
#.###############.#......
.K# #..#g#.### ###
#......# #.##.#....
#.##.# ## #@##.# #g##)#
#.##.# #....# ######


You could see a goblin.

Vanquished Creatures
  A giant cockroach (D:1)
  A goblin (D:1)
  A ball python (D:1)
3 creatures vanquished.

Notes
Turn   | Place    | Note
-------+----------+-------------------------------------------
     0 | D:1      | Gwenloh the Felid Enchanter began the quest for the Orb.
     0 | D:1      | Reached XP level 1. HP: 7/7 MP: 4/4
   132 | D:1      | Slain by a goblin

Illustrated notes

Levels and vault maps discovered:
D:1:      co_arrival_square_in_a_square_in_a_square, layout_basic

Action                   || total
-------------------------++-------
Melee: Unarmed           ||     7
       Bite              ||     1
 Stab: Sleeping          ||     1
Armor: Skin              ||     1
Dodge: Dodged            ||     1

Table legend: (Time is in decaauts)
 A = Elapsed time spent in this place.
 B = Non-inter-level travel time spent in this place.
 C = Inter-level travel time spent in this place.
 D = Time resting spent in this place.
 E = Time spent auto-exploring this place.
 F = Levels seen in this place.
 G = Mean time per level.
                   A        B        C        D        E       F      G
               +--------+--------+--------+--------+--------+-----+--------+
         Total |    118 |    118 |      0 |     55 |     10 |   1 |  118.0 |
       Dungeon |    118 |    118 |      0 |     55 |     10 |   1 |  118.0 |
               +--------+--------+--------+--------+--------+-----+--------+

Top non-repeatable levels by time:
     D:1: 118 daAuts
